 Dungeon Crawl Stone Soup version 0.30-a0-696-g2367cd04db (webtiles) character file.

Game seed: 4581224267662152705

295137 wormed the Lord of Darkness (level 20, -1/147 HPs)
             Began as a Demonspawn Earth Elementalist on Jan 20, 2023.
             Was the Champion of Kikubaaqudgha.
             Succumbed to a spriggan berserker's poison
             ... on level 3 of the Depths.
             The game lasted 02:16:59 (49991 turns).

wormed the Lord of Darkness (DsEE)                 Turns: 49991, Time: 02:16:59

Health: -1/147     AC: 17    Str:  9    XL:     20   Next: 5%
Magic:  6/36       EV: 16    Int: 27    God:    Kikubaaqudgha [******]
Gold:   1568       SH: 18    Dex: 17    Spells: 11/43 levels left

rFire   + + .      SeeInvis +    Z - staff of earth
rCold   + + +      Faith    .    R - +2 buckler {AC+3}
rNeg    + . .      Spirit   +    r - +2 troll leather armour
rPois   .          Reflect  .    X - +2 helmet
rElec   +          Harm     .    Q - scarf {rC+ rF+}
rCorr   +          Rampage  .    q - +0 pair of gloves of Sophism {rC+ rN+ rCorr SInv}
Will    +....                    (boots unavailable)
Stlth   ++                       y - amulet of Bodily Harmony {rC+ Regen+ Str-4 Int+3 Dex+3}
HPRegen 2.04/turn                x - ring "Pimpopt" {rElec rF+ Str+3 Slay+4}
MPRegen 0.50/turn                J - ring of flight

@: lethally poisoned (-1 -> -3), flying, hasted and slowed
A: hooves 3, large bone plates 2, icemail 1, magic shield, magic regeneration,
magic link, condensation shield
}: 2/15 runes: serpentine, barnacled
a: Renounce Religion, Unearth Wretches, Torment


You were on level 3 of the Depths.
You worshipped Kikubaaqudgha.
Kikubaaqudgha was exalted by your worship.
You visited 8 branches of the dungeon, and saw 35 of its levels.
You visited the Abyss 2 times.
You also visited: Ossuary.

You collected 5337 gold pieces.
You spent 3769 gold pieces at shops.

Inventory:

Missiles
 s - 8 throwing nets (quivered)
Armour
 q - the +0 pair of gloves of Sophism (worn) {rC+ rN+ rCorr SInv}
   (You acquired it on level 2 of the Orcish Mines)

   rC:        It protects you from cold.
   rN:        It protects you from negative energy.
   SInv:      It lets you see invisible.
   rCorr:     It protects you from acid and corrosion.
 r - a +2 troll leather armour (worn)
 Q - a scarf of resistance (worn)
 R - a +2 buckler of protection (worn)
 X - a +2 helmet (worn)
Magical Staves
 F - a staff of death
 Z - a staff of earth (weapon)
Jewellery
 a - a ring of poison resistance
 d - a +4 ring of protection
 p - the amulet "Laillethry" {RegenMP rF+ rN+}
   (You acquired it on level 2 of the Orcish Mines)

   [amulet of magic regeneration]

   It increases your rate of magic regeneration.
   rF:        It protects you from fire.
   rN:        It protects you from negative energy.
 x - the ring "Pimpopt" (left hand) {rElec rF+ Str+3 Slay+4}
   (You bought it in a shop on level 1 of the Depths)

   [ring of slaying]

   Str:       It affects your strength (+3).
   Slay:      It affects your accuracy & damage with ranged weapons and melee
   (+4).
   rF:        It protects you from fire.
   rElec:     It insulates you from electricity.
 y - the amulet of Bodily Harmony (around neck) {rC+ Regen+ Str-4 Int+3 Dex+3}
   (You bought it in a shop on level 1 of the Depths)

   [amulet of regeneration]

   Str:       It affects your strength (-4).
   Int:       It affects your intelligence (+3).
   Dex:       It affects your dexterity (+3).
   rC:        It protects you from cold.
   Regen:     It increases your rate of health regeneration.
 z - a ring of wizardry
 J - a ring of flight (right hand)
 V - a ring of willpower
Wands
 k - a wand of charming (26)
 m - a wand of flame (65)
 E - a wand of iceblast (21)
 G - a wand of polymorph (11)
 O - a wand of acid (6)
 U - a wand of digging (9)
Scrolls
 h - a scroll of teleportation
 l - 5 scrolls of magic mapping
 w - 4 scrolls of fear
 C - 7 scrolls of amnesia
 D - 2 scrolls of brand weapon
 K - 5 scrolls of enchant weapon
 L - 4 scrolls of fog
 M - 2 scrolls of silence
 W - a scroll of butterflies
 Y - 4 scrolls of enchant armour
Potions
 b - 3 potions of magic
 c - 5 potions of mutation
 e - 7 potions of flight
 f - 10 potions of lignification
 g - 2 potions of invisibility
 i - 7 potions of ambrosia
 j - a potion of resistance
 n - 2 potions of might
 o - 7 potions of attraction
 t - 4 potions of brilliance
 u - 7 potions of berserk rage
 v - 9 potions of curing
 B - 3 potions of cancellation
 H - a potion of haste


   Skills:
 - Level 10.0 Fighting
 - Level 12.0 Staves
 - Level 10.0 Dodging
 - Level 1.7 Stealth
 - Level 5.0 Shields
 - Level 12.0 Spellcasting
 - Level 14.0 Conjurations
 - Level 16.0 Necromancy
 + Level 13.1 Transmutations
 - Level 14.0 Earth Magic
 - Level 9.0 Evocations


You had 11 spell levels left.
You knew the following spells:

 Your Spells              Type           Power      Damage    Failure   Level
a - Borgnjor's Vile Clut  Necr/Erth      49%        N/A       1%          5
b - Stone Arrow           Conj/Erth      100%       3d13      1%          3
c - Iron Shot             Conj/Erth      47%        9d9       3%          6
k - Blink                 Tloc           32%        N/A       10%         2
n - Necromutation         Tmut/Necr      38%        N/A       71%         8
p - Passwall              Tmut/Erth      78%        N/A       1%          2
s - Sublimation of Blood  Necr           80%        N/A       0%          2
u - Dispel Undead         Necr           80%        3d26      1%          4

Your spell library contained the following spells:

 Spells                   Type           Power      Damage    Failure   Level
 Kiss of Death            Conj/Necr      100%       2d13      0%          1
 Necrotise                Necr           100%       1d9       0%          1
 Sandblast                Erth           100%       2d20      1%          1
 Cigotuvi's Dreadful Rot  Necr/Pois/Air  88%        N/A       1%          2
 Momentum Strike          Conj/Tloc      100%       3d10      1%          2
 Wereblood                Tmut           72%        N/A       1%          2
 Hailstorm                Conj/Ice       52%        3d12      1%          3
 Vampiric Draining        Necr           80%        2d11      1%          3
 Petrify                  Tmut/Erth      94%        N/A       1%          4
 Iskenderun's Battlesphe  Conj           75%        2d12      1%          5
 Anguish                  Hex/Necr       28%        N/A       2%          4
 Ignite Poison            Fire/Tmut/Pois 39%        N/A       3%          3
 Flame Wave               Conj/Fire      52%        2d13      3%          4
 Leda's Liquefaction      Hex/Erth       34%        N/A       3%          4
 Sticky Flame             Conj/Fire      52%        2d7       3%          4
 Freeze                   Ice            64%        1d7       6%          1
 Slow                     Hex            64%        N/A       6%          1
 Ensorcelled Hibernation  Hex/Ice        32%        N/A       10%         2
 Lesser Beckoning         Tloc           32%        N/A       10%         2
 Poisonous Vapours        Pois/Air       32%        N/A       10%         2
 Fireball                 Conj/Fire      26%        3d12      10%         5
 Yara's Violent Unravell  Hex/Tmut       25%        3d11      12%         5
 Orb of Destruction       Conj           37%        9d11      17%         7
 Confusing Touch          Hex            16%        N/A       19%         3
 Frozen Ramparts          Ice            32%        1d5       19%         3
 Inner Flame              Hex/Fire       16%        N/A       19%         3
 Ozocubu's Armour         Ice            16%        N/A       19%         3
 Swiftness                Air            16%        N/A       19%         3
 Tukima's Dance           Hex            16%        N/A       19%         3
 Vhi's Electric Charge    Tloc/Air       32%        N/A       19%         3
 Freezing Cloud           Conj/Ice/Air   20%        6-21      26%         5
 Simulacrum               Ice/Necr       28%        N/A       34%         6
 Conjure Ball Lightning   Conj/Air       26%        3x3d7     47%         6
 Borgnjor's Revivificati  Necr           40%        N/A       50%         8
 Infestation              Necr           40%        N/A       50%         8
 Passage of Golubria      Tloc           16%        N/A       52%         4
 Summon Lightning Spire   Summ/Air       16%        N/A       52%         4
 Lehudib's Crystal Spear  Conj/Erth      47%        10d11     78%         8
 Silence                  Hex/Air        8%         N/A       86%         5
 Summon Forest            Summ/Tloc      8%         N/A       86%         5
 Summon Mana Viper        Hex/Summ       16%        N/A       86%         5
 Haunt                    Necr/Summ      28%        N/A       89%         7
 Storm Form               Tmut/Air       25%        N/A       98%         7
 Summon Cactus Giant      Summ           8%         N/A       100%        6
 Malign Gateway           Summ/Tloc      8%         N/A       100%        7
 Ozocubu's Refrigeration  Ice            8%         4d9       100%        7
 Summon Hydra             Summ           8%         N/A       100%        7
 Ignition                 Fire           8%         3d5       100%        8
 Maxwell's Capacitive Co  Air            8%         ∞         100%        8
 Death's Door             Necr           40%        N/A       100%        9
 Polar Vortex             Ice            8%         N/A       100%        9
 Shatter                  Erth           47%        3d36*     100%        9


Dungeon Overview and Level Annotations

Branches:
Dungeon (15/15)            Temple (1/1) D:7            Lair (5/5) D:10
 Shoals (4/4) Lair:3        Snake (4/4) Lair:2        Slime (0/5) Lair:5
    Orc (2/2) D:9             Elf (0/3) Orc:2        Vaults (1/5) D:13
 Depths (3/4) D:15        Ossuary (visited)

Altars:
Cheibriados
Dithmenos
Fedhas
Gozag
Kikubaaqudgha
Makhleb
Qazlal
Ru
Trog
Uskayaw
Vehumet
Wu Jian
Xom
Yredelemnul
Jiyva
Lugonu

Shops:
D:7 [   Orc:1 *   Orc:2 *???   Snake:4 [[:*   Depths:1 :==

Portals:
Hell: Depths:1 Depths:2 Depths:3
Abyss: Depths:2
Pandemonium: Depths:2
Ziggurat: Depths:3

Annotations:
D:10 2 transporters
Shoals:3 3 runed translucent doors, Roluilex's ghost, adept DgIE; Roxanne


Innate Abilities, Weirdness & Mutations

You have hooves in place of feet.
You are mostly covered in large bone plates. (SH +6)
A meltable icy envelope protects you from harm. (AC +4)
When hurt, damage is shared between your health and your magic reserves.
You regenerate magic rapidly.
When low on magic, you restore magic in place of health.
A meltable shield of frost defends you. (SH +4)


Message History

* * * LOW HITPOINT WARNING * * *
You feel yourself speed up.
The zombie hands constrict the tentacled monstrosity!!
The zombie hands constrict the juggernaut!
You feel very sick.
You block the spriggan berserker's attack. x2
The tentacled monstrosity struggles to escape constriction.
The frost giant points at you and mumbles some strange words.
The bolt of cold hits you. You resist.
* * * LOW HITPOINT WARNING * * *
The spriggan berserker hits you with a +0 rapier of venom.
* * * LOW HITPOINT WARNING * * *
You are more poisoned.
The spriggan berserker attacks as you move away!
You block the spriggan berserker's attack.
The zombie hands constrict the tentacled monstrosity!!
The zombie hands constrict the juggernaut!!
You feel very sick.
The tentacled monstrosity struggles to escape constriction.
You hear a trumpeting!
The juggernaut escapes!
The frost giant attacks as you move away!
You block the frost giant's attack.
The zombie hands lose their grip on something.
You feel very sick.
The spriggan berserker rages.
You hear a trumpeting!
The spriggan berserker hits you with a +0 rapier of venom!!
* * * LOW HITPOINT WARNING * * *
Throw: 9 throwing nets
Press: ? - help, Q - select action, (/) - cycle Shift-Dir - straight line, f - spriggan berserker
Aim: a spriggan berserker, wielding a +0 rapier of venom, wearing a +0 animal skin and wearing a ring of resist corrosion (berserk, 47% to hit)
You throw a throwing net.
The throwing net hits the spriggan berserker.
The spriggan berserker is caught in the net!
* * * LOW HITPOINT WARNING * * *
You feel very sick.
The spriggan berserker struggles against the net. x2
You die...
Kikubaaqudgha rasps: "You have failed me!
Welcome... death!"

.#.... #.....................
#....###.#...................
#.. .........∩...............
..........)...............
.............^.............
...........................
...........................
#..............<..[.........
#..........@................
.........i......(...........
.........C........(.........
......C.####...............
...[..X.# #........#######
#..#####...# #........#
..#####..X# #........#
..........# #........#######
..........####...............


You could see a juggernaut, a tentacled monstrosity, a frost giant and a
spriggan berserker (berserk, caught).

Vanquished Creatures
  A caustic shrike (Depths:2)
  A bone dragon (Depths:3)
  Rupert (D:14)
  A tentacled monstrosity (Depths:2)
  2 liches
  Jorgrun (Shoals:3)
  A kraken (Shoals:3)
  A sphinx (Depths:1)
  4 tengu reavers
  Kirke (Snake:1)
  The ghost of wormed the Geomancer, an adept DsSu of Vehumet (Snake:3)
  7 nagarajas
  7 frost giants
  Aizul (Shoals:3)
  An orc warlord (Orc:1)
  2 fire giants
  A spriggan defender (Depths:2)
  3 very ugly things
  14 stone giants
  2 vampire knights
  8 merfolk impalers
  The ghost of Esyecac the Fighter, a journeyman GnWn of Makhleb (D:12)
  4 merfolk javelineers
  5 ettins
  9 fire dragons
  6 hydras
  A rakshasa (Depths:1)
  5 salamander tyrants
  The ghost of wormed the Lord of Darkness, a journeyman DsNe of Kikubaaqudgha (Lair:2)
  An ogre mage (D:13)
  Erolcha (D:13)
  5 spriggan air magi
  A catoblepas (D:14)
  2 alligator snapping turtles (Shoals:4)
  11 centaur warriors
  6 ice dragons
  11 anacondas
  2 merfolk avatars
  4 death yaks
  7 boulder beetles
  2 anacondas (shapeshifter)
  9 merfolk aquamancers
  A death knight (D:14)
  8 two-headed ogres
  19 naga warriors
  A satyr (Shoals:3)
  7 deep troll shamans
  13 tengu warriors
  A deep troll earth mage (Depths:1)
  6 orc high priests
  9 naga sharpshooters
  A vampire mage (Depths:2)
  15 shock serpents
  3 spriggan berserkers
  Sonja (D:13)
  5 iron trolls
  5 salamander mystics (Snake:4)
  Lodul (D:14)
  A flayed ghost (Depths:2)
  8 naga ritualists
  3 glowing orange brains
  14 sea snakes
  A phantasmal warrior (D:14)
  7 deep trolls
  22 harpies
  7 orc knights
  A wizard (Depths:3)
  5 deep elf pyromancers (D:14)
  5 lindwurms (Snake:4)
  16 mana vipers
  9 ugly things
  28 salamanders
  7 oklob plants
  2 orc sorcerers (D:13)
  8 fauns
  10 cyclopes
  23 manticores
  40 black mambas
  9 guardian serpents
  20 naga magi
  12 merfolk sirens
  3 elephants (Lair:2)
  A cane toad (shapeshifter) (D:13)
  A gargoyle (D:14)
  8 water nymphs
  5 molten gargoyles (D:13)
  19 cane toads
  A yaktaur (D:14)
  A kobold demonologist (D:12)
  A freezing wraith (D:14)
  9 komodo dragons
  A tengu conjurer (D:14)
  7 trolls
  A polar bear (shapeshifter) (Depths:1)
  35 merfolk
  A queen bee (D:15)
  6 meliai
  8 hornets
  3 blink frogs
  6 polar bears
  8 wind drakes
  Prince Ribbit (D:5)
  4 tyrant leeches
  7 snapping turtles
  11 dream sheep
  A raiju (shapeshifter) (D:14)
  2 slime creatures (D:14)
  3 wraiths
  4 shadows
  A centaur simulacrum (D:14)
  5 wyverns
  29 yaks
  24 water elementals
  13 spriggans
  A vampire (D:12)
  A ynoxinul (D:12)
  A hog (shapeshifter) (D:14)
  3 basilisks
  2 steam dragons
  4 hogs (Snake:1)
  A chaos spawn (Depths:2)
  6 vampire mosquitoes
  Menkaure (D:5)
  2 wargs
  2 acid dragons
  50 nagas
  15 water moccasins
  2 ice beasts
  43 orc warriors
  2 sky beasts
  2 black bears
  15 ogres
  4 boggarts (Lair:5)
  38 wolves
  The ghost of osoart the Conjurer, an amateur DgCj (D:3)
  22 centaurs
  2 phantoms
  4 kobold brigands
  9 bullfrogs
  2 elf zombies (D:4)
  2 necrophages
  5 gnoll sergeants
  2 elf skeletons (D:4)
  4 scorpions
  A howler monkey (D:6)
  20 killer bees (D:15)
  2 electric eels
  A centaur zombie (Ossuary)
  A gnoll bouda (D:5)
  3 hounds
  2 human zombies (Ossuary)
  30 orc priests
  3 jellies
  Crazy Yiuf (D:3)
  2 iguanas
  Natasha (thrice) (D:3)
  2 human skeletons (D:4)
  16 orc wizards
  2 mummies (Ossuary)
  A scorpion simulacrum (D:3)
  Robin (D:3)
  20 gnolls
  8 adders
  A hound simulacrum (D:3)
  A white imp (D:7)
  3 ufetubi (D:4)
  An adder zombie (Ossuary)
  A worm (D:2)
  3 dart slugs
  2 adder simulacra (D:3)
  77 orcs
  9 ball pythons
  3 bats
  5 endoplasms
  5 giant cockroaches
  17 goblins
  11 hobgoblins
  2 jackals (D:1)
  7 quokkas
  A ball python simulacrum (D:3)
  3 frilled lizards (D:1)
  A goblin zombie (Ossuary)
  8 hobgoblin zombies (Ossuary)
  2 jackal zombies (Ossuary)
  15 kobolds
  12 kobold zombies (Ossuary)
  2 orc skeletons (D:4)
  10 orc zombies
  A quokka simulacrum (D:3)
  3 rats
  2 rat zombies (Ossuary)
  3 tentacles (Shoals:3)
1317 creatures vanquished.

Vanquished Creatures (others)
  A merfolk aquamancer (Shoals:3)
  2 wizards (D:14)
  A human (Snake:1)
  An orc warrior (Orc:2)
  2 kobold brigands
  27 fungi
  172 plants
  5 tentacles (Shoals:3)
211 creatures vanquished.

Grand Total: 1528 creatures vanquished

Notes
Turn   | Place    | Note
-------+----------+-------------------------------------------
     0 | D:1      | wormed the Demonspawn Earth Elementalist began the quest
                  | for the Orb.
     0 | D:1      | Reached XP level 1. HP: 13/13 MP: 3/3
   104 | D:1      | Gained mutation: You have large cloven feet. [demonic
                  | ancestry]
   104 | D:1      | Reached XP level 2. HP: 19/19 MP: 1/5
   236 | D:1      | Reached skill level 1 in Conjurations
  1205 | D:2      | Gained mutation: A meltable shield of frost defends you.
                  | (SH +4) [demonic ancestry]
  1205 | D:2      | Reached XP level 3. HP: 24/24 MP: 2/6
  1838 | D:2      | Learned a level 3 spell: Stone Arrow
  1920 | D:3      | Reached XP level 4. HP: 18/30 MP: 1/8
  2007 | D:3      | Found a runed translucent gate.
  2007 | D:3      | Found a runed translucent gate.
  2007 | D:3      | Found a runed translucent gate.
  2080 | D:3      | Found a runed translucent door.
  2081 | D:3      | Noticed Crazy Yiuf
  2218 | D:3      | Noticed Robin
  2388 | D:3      | Killed Robin
  2530 | D:3      | Found a large runed translucent door.
  2530 | D:3      | Found a large runed translucent door.
  2787 | D:3      | Noticed Natasha
  2789 | D:3      | Killed Natasha
  2790 | D:3      | Gained mutation: You have hoof-like feet. [demonic
                  | ancestry]
  2790 | D:3      | Reached XP level 5. HP: 35/35 MP: 4/9
  2884 | D:3      | Noticed Natasha
  2898 | D:3      | Killed Natasha
  2976 | D:3      | Found a blossoming altar of Fedhas.
  3207 | D:3      | Noticed osoart's ghost (amateur DgCj)
  3389 | D:3      | Noticed Natasha
  3402 | D:3      | Killed Natasha
  3403 | D:3      | Reached XP level 6. HP: 41/41 MP: 7/11
  3751 | D:4      | Gained mutation: You are partially covered in large bone
                  | plates. (SH +4) [demonic ancestry]
  3751 | D:4      | Reached XP level 7. HP: 24/46 MP: 8/13
  3788 | D:4      | Reached skill level 5 in Earth Magic
  3941 | D:4      | Found a sand-covered staircase.
  3945 | Ossuary  | Entered an ossuary
  5594 | D:5      | Entered Level 5 of the Dungeon
  5611 | D:5      | Reached skill level 5 in Spellcasting
  5678 | D:5      | Reached skill level 5 in Conjurations
  5685 | D:5      | Noticed Menkaure
  5690 | D:5      | Killed Menkaure
  5691 | D:5      | Gained mutation: You regenerate magic rapidly. [demonic
                  | ancestry]
  5691 | D:5      | Reached XP level 8. HP: 52/52 MP: 1/15
  5942 | D:5      | Noticed Prince Ribbit
  5946 | D:5      | Killed Prince Ribbit
  6278 | D:5      | Reached skill level 1 in Fighting
  6346 | D:5      | Found a transporter.
  6349 | D:5      | Noticed a troll
  6351 | D:5      | Found a transporter.
  6375 | D:5      | Identified the +1 ring mail "Xugraig" {Str+2 Dex+3}
  7026 | D:6      | Reached XP level 9. HP: 64/64 MP: 6/18
  7382 | D:7      | Found a staircase to the Ecumenical Temple.
  7456 | D:7      | Found Eckuokeu's Armour Shoppe.
  7581 | D:7      | Found a shadowy altar of Dithmenos.
  7581 | D:7      | Found a radiant altar of Vehumet.
  7591 | D:7      | Found a burning altar of Makhleb.
  7594 | D:7      | Found a hide-covered altar of Uskayaw.
  7599 | D:7      | Found a snail-covered altar of Cheibriados.
  7601 | D:7      | Found an ornate altar of the Wu Jian Council.
  7613 | D:7      | Found a shimmering altar of Xom.
  8035 | D:7      | Reached skill level 5 in Fighting
  8035 | D:7      | Reached skill level 5 in Dodging
  8263 | Temple   | Entered the Ecumenical Temple
  8301 | Temple   | Became a worshipper of Kikubaaqudgha
  8369 | D:8      | Reached skill level 1 in Necromancy
  8661 | D:8      | Reached skill level 2 in Necromancy
  8750 | D:8      | Reached skill level 3 in Necromancy
  8957 | D:8      | You fall into a shaft and drop 1 floor!
  8975 | D:9      | Found a bloodstained altar of Trog.
  9289 | D:9      | Reached skill level 4 in Necromancy
  9312 | D:9      | Gained mutation: When hurt, damage is shared between your
                  | health and your magic reserves. [demonic ancestry]
  9312 | D:9      | Reached XP level 10. HP: 48/76 MP: 3/19
  9390 | D:9      | Reached skill level 5 in Necromancy
  9507 | D:9      | Found a staircase to the Orcish Mines.
  9513 | D:9      | Reached * piety under Kikubaaqudgha
  9513 | D:9      | Received a gift from Kikubaaqudgha
  9964 | D:8      | Reached skill level 6 in Necromancy
 10106 | D:9      | Learned a level 4 spell: Dispel Undead
 10828 | D:10     | Entered Level 10 of the Dungeon
 11289 | D:10     | Noticed a two-headed ogre
 11299 | D:10     | Killed a two-headed ogre
 11300 | D:10     | Gained mutation: You are mostly covered in large bone
                  | plates. (SH +6) [demonic ancestry]
 11300 | D:10     | Reached XP level 11. HP: 87/87 MP: 3/20
 11458 | D:10     | Noticed a white ugly thing
 11462 | D:10     | Found a transporter.
 11462 | D:10     | Identified the ring of Jywuyzeo {rC+ Dex+2 SInv}
 11462 | D:10     | Noticed a tengu warrior
 11462 | D:10     | Noticed a deep elf pyromancer
 11499 | D:10     | Found a staircase to the Lair.
 11524 | D:10     | Found a transporter.
 11709 | D:10     | Noticed a sea snake
 11790 | D:10     | Found a sacrificial altar of Ru.
 12025 | D:10     | a floating eye changed into a glowing orange brain
 12025 | D:10     | Noticed a glowing orange brain (shapeshifter)
 12034 | D:10     | Noticed a death drake
 12278 | D:10     | Noticed a dire elephant
 12296 | Lair:1   | Entered Level 1 of the Lair of Beasts
 12318 | D:10     | Reached ** piety under Kikubaaqudgha
 12319 | D:10     | Reached skill level 1 in Shields
 12376 | D:10     | Noticed an emperor scorpion
 12382 | D:10     | an emperor scorpion changed into something unseen
 12418 | D:10     | a merfolk changed into a mana viper
 12418 | D:10     | Noticed a mana viper (shapeshifter)
 13140 | Lair:1   | You fall into a shaft and drop 1 floor!
 13591 | Lair:2   | Noticed a five-headed hydra
 13603 | Lair:2   | Killed a five-headed hydra
 13647 | Lair:2   | Noticed a six-headed hydra
 13674 | Lair:2   | Reached skill level 10 in Fighting
 13686 | Lair:2   | Found a runed translucent door.
 13692 | Lair:2   | Noticed wormed's ghost (journeyman DsNe)
 14104 | Lair:2   | Found a staircase to the Snake Pit.
 14254 | Lair:2   | Reached skill level 10 in Dodging
 14254 | Lair:2   | Reached skill level 5 in Shields
 14439 | Lair:2   | Reached XP level 12. HP: 97/97 MP: 14/21
 14628 | Lair:2   | Noticed a six-headed hydra
 14633 | Lair:2   | Killed a six-headed hydra
 14833 | Lair:2   | Reached skill level 7 in Necromancy
 14928 | Lair:2   | Reached *** piety under Kikubaaqudgha
 14928 | Lair:2   | Received a gift from Kikubaaqudgha
 14949 | Lair:2   | Learned a level 5 spell: Borgnjor's Vile Clutch
 15250 | Lair:2   | Killed a six-headed hydra
 15567 | Lair:3   | Found a staircase to the Shoals.
 16009 | Lair:3   | Noticed a death yak
 16009 | Lair:3   | Noticed a death yak
 16009 | Lair:3   | Noticed a death yak
 16009 | Lair:3   | Noticed a death yak
 16016 | Lair:2   | Killed a death yak
 16131 | Lair:3   | Reached skill level 8 in Necromancy
 16587 | Lair:3   | Identified the +1 leather armour "Coufranuc" {Rampage}
 16620 | Lair:3   | Killed a death yak
 16813 | Lair:3   | Killed a death yak
 16829 | Lair:3   | Killed a death yak
 17256 | Lair:4   | Gained mutation: You have hooves in place of feet. [demonic
                  | ancestry]
 17256 | Lair:4   | Reached XP level 13. HP: 103/103 MP: 10/25
 17523 | Lair:4   | Reached skill level 9 in Necromancy
 17575 | Lair:4   | Reached **** piety under Kikubaaqudgha
 18299 | Lair:5   | Entered Level 5 of the Lair of Beasts
 18892 | Lair:5   | Reached skill level 1 in Evocations
 18967 | Lair:5   | Found a snail-covered altar of Cheibriados.
 19133 | Lair:5   | Reached skill level 1 in Staves
 19729 | Lair:5   | Reached ***** piety under Kikubaaqudgha
 20322 | Lair:5   | Reached skill level 10 in Necromancy
 20652 | Lair:5   | Found a staircase to the Slime Pits.
 20652 | Lair:5   | Found a viscous altar of Jiyva.
 21671 | D:12     | Found a hide-covered altar of Uskayaw.
 21779 | D:12     | Found a runed translucent door.
 21780 | D:12     | Noticed Esyecac's ghost (journeyman GnWn)
 22058 | D:12     | Reached XP level 14. HP: 109/110 MP: 12/27
 22910 | D:12     | Killed Esyecac's ghost
 22927 | D:12     | Got the Volume of Quicksand
 22935 | D:12     | Learned a level 6 spell: Iron Shot
 22971 | D:13     | Noticed Erolcha
 22971 | D:13     | Noticed Sonja
 23072 | D:13     | Killed Erolcha
 23254 | D:13     | Identified the +0 ring mail of Resilience {Rampage}
 23290 | D:13     | Paralysed by an ogre mage for 3 turns
 23297 | D:13     | Reached skill level 10 in Conjurations
 23369 | D:13     | Found a gate to the Vaults.
 23683 | D:13     | Reached skill level 10 in Spellcasting
 23724 | D:13     | Killed Sonja
 23960 | D:13     | Found a runed translucent door.
 24207 | D:14     | Noticed Rupert
 24210 | D:14     | Reached skill level 10 in Earth Magic
 24217 | D:14     | Paralysed by Rupert for 5 turns
 24414 | D:14     | Paralysed by Rupert for 3 turns
 24837 | D:14     | Reached skill level 5 in Evocations
 24937 | D:14     | Reached skill level 5 in Staves
 25915 | Abyss:2  | Cast into level 2 of the Abyss (a wizard)
 25942 | Abyss:2  | Noticed a tentacled starspawn
 25948 | Abyss:2  | Paralysed by accursed screaming for 1 turns
 25951 | Abyss:2  | Found a corrupted altar of Lugonu.
 26043 | Abyss:2  | Noticed a green very ugly thing
 26043 | Abyss:2  | Noticed a green very ugly thing
 26043 | Abyss:2  | Noticed a green very ugly thing
 26044 | Abyss:2  | Noticed a green very ugly thing
 26066 | D:14     | Escaped the Abyss
 26078 | D:14     | Reached XP level 15. HP: 86/115 MP: 7/29
 26432 | D:14     | Identified the +8 arbalest of Change {heavy, Int+5 Dex+4}
 26623 | D:14     | Paralysed by Rupert for 3 turns
 26728 | D:15     | Entered Level 15 of the Dungeon
 26867 | D:14     | Noticed Lodul
 26888 | D:14     | Killed Lodul
 27007 | D:15     | Got Sif Muna's Compilation of Non-Euclidean Envenoming
 27303 | D:15     | Reached ****** piety under Kikubaaqudgha
 27621 | D:15     | Found a staircase to the Depths.
 28475 | Orc:1    | Entered Level 1 of the Orcish Mines
 28634 | Orc:1    | Found a burning altar of Makhleb.
 29500 | Orc:1    | Found Jiulalad's General Store.
 29672 | Orc:2    | Entered Level 2 of the Orcish Mines
 30135 | Orc:2    | Learned a level 2 spell: Sublimation of Blood
 30138 | Orc:2    | Learned a level 2 spell: Passwall
 30218 | Orc:2    | Found a staircase to the Elven Halls.
 31046 | Orc:2    | Reached skill level 10 in Staves
 31429 | Orc:2    | Found Zozed's General Store.
 31432 | Orc:2    | Found Telorin's Magic Scroll Emporium.
 31433 | Orc:2    | Found Tiypoqia's Magic Scroll Shoppe.
 31434 | Orc:2    | Found Vouluc's Magic Scroll Shoppe.
 31437 | Orc:2    | Bought a scroll of acquirement for 884 gold pieces
 31441 | Orc:2    | Bought a scroll of acquirement for 572 gold pieces
 31441 | Orc:2    | Acquired the +0 pair of gloves of Sophism {rC+ rN+ rCorr
                  | SInv}
 31453 | Orc:2    | Acquired the amulet "Laillethry" {RegenMP rF+ rN+}
 31697 | D:3      | Found an opulent altar of Gozag.
 31713 | D:3      | Found a stormy altar of Qazlal.
 31784 | D:3      | Killed osoart's ghost
 31881 | D:3      | Killed Crazy Yiuf
 32759 | Lair:2   | Killed wormed's ghost
 33085 | Snake:1  | Entered Level 1 of the Snake Pit
 33093 | Snake:1  | Noticed Kirke
 33104 | Snake:1  | Killed Kirke
 33378 | Snake:1  | Gained mutation: When low on magic, you restore magic in
                  | place of health. [demonic ancestry]
 33378 | Snake:1  | Reached XP level 16. HP: 122/122 MP: 16/30
 33479 | Snake:1  | Identified the +0 scale mail "Agas" {rElec Int+2 Stlth+}
 33732 | Snake:1  | Learned a level 2 spell: Blink
 34125 | Snake:2  | Found a transporter.
 34129 | Snake:2  | Found a transporter.
 35017 | Snake:2  | Found a transporter.
 35029 | Snake:2  | Found a transporter.
 35570 | Snake:2  | Found a transporter.
 35573 | Snake:2  | Found a transporter.
 35841 | Snake:3  | Identified the ring "Gosedyes" {rF+ Str+3 Int+2 Dex-2
                  | Slay+4}
 36095 | Snake:3  | Found a runed translucent door.
 36118 | Snake:3  | Noticed wormed's ghost (adept DsSu)
 36172 | Snake:3  | Identified the +9 falchion of Equivalence {spect, Dex+4}
 36723 | Snake:3  | Reached XP level 17. HP: 128/128 MP: 20/31
 37193 | Snake:3  | Killed wormed's ghost
 37219 | Snake:3  | Acquired 1351 gold pieces
 37240 | Snake:4  | Entered Level 4 of the Snake Pit
 37743 | Snake:4  | Received a gift from Kikubaaqudgha
 37776 | Snake:4  | Found Haico's Antique Armour Shop.
 37777 | Snake:4  | Found Otetosuz's Book Boutique.
 37777 | Snake:4  | Found Xaasinwo's Antique Armour Shop.
 37781 | Snake:4  | Found Loucycs's General Store.
 39321 | Snake:4  | Got a serpentine rune of Zot
 39559 | Snake:4  | Learned a level 8 spell: Necromutation
 39857 | D:14     | Killed Rupert
 39858 | D:14     | Reached skill level 1 in Transmutations
 40070 | Shoals:1 | Entered Level 1 of the Shoals
 40309 | Shoals:1 | Reached XP level 18. HP: 81/134 MP: 16/34
 40665 | Shoals:1 | Reached skill level 11 in Necromancy
 41660 | Snake:4  | Bought a runed helmet for 247 gold pieces
 42225 | Shoals:2 | Reached skill level 5 in Transmutations
 42581 | Shoals:2 | Reached skill level 12 in Necromancy
 42973 | Shoals:3 | Noticed Roxanne
 43433 | Shoals:3 | Noticed Jorgrun
 43447 | Shoals:3 | Killed Jorgrun
 43556 | Shoals:3 | Noticed Aizul
 43560 | Shoals:3 | Killed Aizul
 43822 | Shoals:3 | Found a runed translucent gate.
 43822 | Shoals:3 | Found a runed translucent gate.
 43823 | Shoals:3 | Found a runed translucent gate.
 43824 | Shoals:3 | Identified the +5 long sword of Watchfulness {spect, rC++
                  | Will- MP+9 Str+3}
 43826 | Shoals:3 | Noticed Roluilex's ghost (adept DgIE)
 44024 | Shoals:4 | Entered Level 4 of the Shoals
 44221 | Shoals:4 | Reached skill level 13 in Necromancy
 44363 | Shoals:4 | Identified the +3 dire flail "Dukaesig" {flame, rCorr
                  | Dex+2}
 44374 | Shoals:4 | Got a barnacled rune of Zot
 45076 | Shoals:4 | Identified the +6 flail "Odofuva" {elec, rCorr Str+5}
 45413 | Shoals:4 | Reached skill level 14 in Necromancy
 45677 | Shoals:4 | Identified the +0 leather armour of Lust {rF+ Str+3}
 45974 | Vaults:1 | Entered Level 1 of the Vaults
 46088 | Depths:1 | Entered Level 1 of the Depths
 46134 | Depths:1 | Gained mutation: A meltable icy envelope protects you from
                  | harm. (AC +4) [demonic ancestry]
 46134 | Depths:1 | Reached XP level 19. HP: 132/140 MP: 12/35
 46849 | Depths:1 | Found Loidaj's Jewellery Shop.
 46850 | Depths:1 | Found Joll's Book Shoppe.
 46851 | Depths:1 | Found Cateomurch's Jewellery Shop.
 46859 | Depths:1 | Bought an Everburning Encyclopedia for 396 gold pieces
 46861 | Depths:1 | Bought the ring "Pimpopt" {rElec rF+ Str+3 Slay+4} for 1140
                  | gold pieces
 46861 | Depths:1 | Bought the amulet of Bodily Harmony {rC+ Regen+ Str-4 Int+3
                  | Dex+3} for 530 gold pieces
 47148 | Depths:1 | Reached skill level 15 in Necromancy
 47276 | Depths:1 | Found a gateway to Hell.
 47500 | Depths:1 | Reached skill level 10 in Transmutations
 48301 | Depths:2 | Reached skill level 16 in Necromancy
 48351 | Depths:2 | Noticed a caustic shrike
 48360 | Depths:2 | Killed a caustic shrike
 49052 | Depths:2 | Found a corrupted altar of Lugonu.
 49054 | Depths:2 | Found a one-way gate to the infinite horrors of the Abyss.
 49151 | Depths:2 | Found a one-way gate leading to the halls of Pandemonium.
 49420 | Depths:2 | Identified the +0 ring mail of Qaxkiry {Str+3 Int+3 Stlth+}
 49509 | Depths:3 | Found a one-way gateway to a ziggurat.
 49826 | Abyss:3  | Cast into level 3 of the Abyss (a wizard)
 49829 | Abyss:3  | Noticed a bone dragon
 49837 | Depths:3 | Escaped the Abyss
 49860 | Depths:3 | Reached XP level 20. HP: 68/147 MP: 13/36
 49864 | Depths:3 | Killed a bone dragon
 49967 | Depths:3 | Noticed a juggernaut
 49989 | Depths:3 | HP: 4/147 [spriggan berserker/+0 rapier of venom (9)]
 49991 | Depths:3 | Succumbed to a spriggan berserker's poison

Illustrated notes

Levels and vault maps discovered:
D:1:      eino_arrival_druids_welcome, layout_basic, minmay_shallow_snake_nest
D:2:      layout_loops_ring, dk_vineyard_2, minivault_11
D:3:      layout_rooms, amcnicky_altar_gilded, jmf_multi_god_temple2,
          gammafunk_ghost_icy, nicolae_eternal_life, uniq_natasha,
          uniq_crazy_yiuf_cottage, uniq_robin
D:4:      layout_loops_cross, nicolae_ossuary_entry_catacombs, serial_rivers,
          chequers_serial_rivers_large_b, chequers_serial_rivers_micro_b,
          chequers_serial_rivers_micro_d, chequers_serial_rivers_marsh,
          serial_bayou_crossing
D:5:      layout_loops_ring, gammafunk_temple_overflow_arena, uniq_menkaure,
          uniq_prince_ribbit1
D:6:      hellmonk_ruined_rings, layout_cave_pools
D:7:      layout_cave_pods, nicolae_overflow_hallway_of_the_gods,
          minmay_temple_entry_mist, serial_shops,
          nicolae_shop_competitors_out_of_business
D:8:      layout_loops_ring, elyvilon_altar_1, hangedman_decor_clover_reticule
D:9:      layout_big_octagon, trog_hazing_becter,
          kennysheep_orc_monster_closet_entryway
D:10:     gammafunk_sealed_arena, layout_grid_maze,
          nicolae_ru_the_path_less_chosen, david_lair_shrubbed
D:11:     layout_irregular_city
D:12:     layout_layer_cave, hellmonk_ghost_big_iron, dancing_weapons_uskayaw
D:13:     cheibrodos_statue_roulette, layout_basic, david_vaults_2,
          lightli_church_of_beogh, uniq_erolcha, uniq_sonja
D:14:     nzn_winding_woodlands_huge [nzn_winding_woodlands_5x15_longhouse,
          nzn_winding_woodlands_5x15_sidewinder,
          nzn_winding_woodlands_5x15_cabin, nzn_winding_woodlands_5x15_pool,
          nzn_winding_woodlands_5x15_split_checker,
          nzn_winding_woodlands_5x15_pockets, nzn_winding_woodlands_5x15_twine,
          nzn_winding_woodlands_5x15_river_crossing,
          nzn_winding_woodlands_5x15_lazy_stream,
          nzn_winding_woodlands_5x15_sawtooth,
          nzn_winding_woodlands_center_triple_pond,
          nzn_winding_woodlands_center_diamonds,
          nzn_winding_woodlands_15x15_five_gardens], layout_rooms,
          wad_floor_pattern_untrapped, kennysheep_path_1, uniq_rupert,
          uniq_lodul
D:15:     grunt_enter_depths_hoard, layout_basic, hangedman_decor_points,
          special_room [special_room_bee]
Temple:   hellmonk_temple_beads
Lair:1:   layout_regular_city, lemuel_fruit_tree
Lair:2:   cheibrodos_lair_river_kwai, layout_cave_pods,
          minmay_snake_entry_six_corridors, ebering_ghost_reflecting_pool
Lair:3:   layout_big_grid, minmay_shoals_entry_centaurs
Lair:4:   layout_gridlike, basic_altar, lemuel_fruit_fields
Lair:5:   minmay_lair_end_enchanted_forest, layout_layer_cave,
          minmay_slime_entry_oklob_open, basic_altar,
          nicolae_quartered_pool_impasse, serial_bayou_shore_b,
          grunt_megastairs_4
Shoals:1: layout_shoals, nicolae_shoals_lost_giant_baths,
          nicolae_shoals_this_corrosion
Shoals:2: layout_shoals
Shoals:3: layout_shoals, gammafunk_ghost_tricky_traps,
          nicolae_shoals_aquamancer_cove, uniq_roxanne, uniq_jorgrun, uniq_aizul
Shoals:4: shoals_end_simple, layout_shoals
Snake:1:  layout_misc_corridors, special_room, hangedman_snake_corridor_cut,
          uniq_kirke
Snake:2:  layout_misc_corridors, serial_nicolae_subway,
          nicolae_sub_station_crystal, nicolae_sub_station_stone,
          nicolae_sub_station_metal, serial_bayou_shore_b
Snake:3:  layout_chambers, hellmonk_ghost_happy_afterlife, grunt_megastairs_5,
          serial_bayou_shore_b
Snake:4:  snake_pit_salamanders_mu, layout_misc_corridors, serial_bayou_shore_a,
          minmay_shoptagon, serial_bayou_shore_b
Orc:1:    layout_diamond_mine, serial_shops, shop_statue,
          hangedman_feature_mirror, dreamdust_deal_with_the_devil
Orc:2:    st_orc_pillars, layout_diamond_mine, statue_in_the_mist_lemuel
Vaults:1: nicolae_vaults_mini_display_case, nicolae_vaults_little_squares_2,
          vaults_dpeg_hooks, v_misc_14, nicolae_vaults_little_squares_2,
          nicolae_vaults_windows_and_doors_thing, hangedman_vaults_pinch,
          ontoclasm_vaults_claustrophobia, ontoclasm_vaults_misaligned,
          hangedman_vaults_trim, layout_vaults_omnibox, serial_shops,
          nicolae_shop_waterfront
Depths:1: layout_honeycomb, hell_entry, minmay_crystal_room,
          hangedman_stitches_earthworm, minmay_shop_grove, firewood_loft
Depths:2: hangedman_arch_fort, layout_cave_shapes, nicolae_tso_carved_into_rock,
          hell_entry, grunt_pan_entry_spiral, abyss_entry_flame_altar
Depths:3: hangedman_cross_stitches, layout_small_grid, enter_ziggurat_a,
          nicolae_abyss_entry_one_way_or_another, hangedman_coc_ice_floe,
          hangedman_abyss_or_decor_stabs

Skill      XL: |  1  2  3  4  5  6  7  8  9 10 11 12 13 14 15 16 17 18 19 20 |
---------------+-------------------------------------------------------------+-----
Conjurations   | 1 2 3 4 5 6 8 9 10 12 14 | 14.0
Earth Magic    | 3 4 5 6 7 9 10 12 14 | 14.0
Spellcasting   | 3 4 5 6 8 9 10 12 | 12.0
Dodging        | 3 5 8 10 | 10.0
Fighting       | 3 6 8 10 | 10.0
Necromancy     | 4 6 8 10 14 16 | 16.0
Shields        | 5 |  5.0
Evocations     | 3 7 9 |  9.0
Staves         | 2 6 12 | 12.0
Transmutations | 2 8 12 13 | 13.1
Stealth        | |  1.7

Action                   |  1- 3 |  4- 6 |  7- 9 | 10-12 | 13-15 | 16-18 | 19-21 || total
-------------------------+-------+-------+-------+-------+-------+-------+-------++-------
Melee: Unarmed           |     5 |       |       |       |       |       |       ||     5
       Punch             |     1 |     1 |     2 |     2 |       |       |       ||     6
       Whip              |    14 |     7 |       |       |       |       |       ||    21
       Kick              |     2 |    16 |    27 |   125 |   146 |    69 |    12 ||   397
       Hand axe          |       |    43 |    98 |     3 |       |       |       ||   144
       Short sword       |       |       |       |   329 |    31 |       |       ||   360
       Staff             |       |       |       |       |   329 |   134 |    21 ||   484
Throw: Throwing net      |       |       |       |       |       |       |     1 ||     1
 Cast: Sandblast         |    59 |    39 |       |       |       |       |       ||    98
       Stone Arrow       |       |    17 |   166 |   322 |   484 |   160 |    11 ||  1160
       Dispel Undead     |       |       |       |     3 |    17 |     4 |     1 ||    25
       Borgnjor's Vile C |       |       |       |    25 |   267 |   386 |   140 ||   818
       Iron Shot         |       |       |       |       |    15 |   415 |   169 ||   599
       Sublimation of Bl |       |       |       |       |    13 |    34 |     2 ||    49
Invok: Receive Forbidden |       |       |       |       |       |     1 |       ||     1
Evoke: Wand              |       |       |     1 |       |       |       |       ||     1
  Use: Potion            |       |     1 |     3 |       |     9 |    11 |     4 ||    28
       Scroll            |       |    12 |     8 |     7 |    13 |    17 |     3 ||    60
Armor: Robe              |     7 |     6 |       |       |       |       |       ||    13
       Animal skin       |       |    13 |    38 |       |       |       |       ||    51
       Leather armour    |       |       |    13 |       |       |       |       ||    13
       Troll leather arm |       |       |       |   158 |   103 |   146 |    61 ||   468
Dodge: Dodged            |    28 |    36 |    68 |   325 |   205 |   303 |    99 ||  1064
Block: Other             |     8 |    13 |    83 |    66 |       |       |       ||   170
       Reflection        |       |       |    19 |    19 |    61 |       |       ||    99
       Buckler           |       |       |       |   651 |   643 |   553 |   145 ||  1992

Table legend: (Time is in decaauts)
 A = Elapsed time spent in this place.
 B = Non-inter-level travel time spent in this place.
 C = Inter-level travel time spent in this place.
 D = Time resting spent in this place.
 E = Time spent auto-exploring this place.
 F = Levels seen in this place.
 G = Mean time per level.
                   A        B        C        D        E       F      G
               +--------+--------+--------+--------+--------+-----+--------+
         Total |  50405 |  45873 |   4532 |    731 |  35128 |  38 | 1326.4 |
       Dungeon |  21744 |  19324 |   2420 |    254 |  15574 |  15 | 1449.6 |
        Temple |     53 |     39 |     14 |      0 |     24 |   1 |   53.0 |
          Lair |   9021 |   8188 |    833 |    121 |   6475 |   5 | 1804.2 |
        Shoals |   5201 |   4944 |    257 |     43 |   3714 |   4 | 1300.2 |
     Snake Pit |   6809 |   6219 |    590 |    208 |   4198 |   4 | 1702.2 |
  Orcish Mines |   3101 |   2972 |    129 |     82 |   2202 |   2 | 1550.5 |
        Vaults |      8 |      8 |      0 |      0 |      2 |   1 |    8.0 |
        Depths |   3652 |   3368 |    284 |     23 |   2401 |   3 | 1217.3 |
         Abyss |    162 |    162 |      0 |      0 |     57 |   2 |   81.0 |
       Ossuary |    649 |    649 |      0 |      0 |    479 |   1 |  649.0 |
               +--------+--------+--------+--------+--------+-----+--------+

Top non-repeatable levels by time:
  Lair:2: 2887 daAuts
  Lair:5: 2561 daAuts
    D:14: 2304 daAuts
    D:10: 2282 daAuts
 Snake:4: 2266 daAuts
    D:13: 2175 daAuts
   Orc:2: 1846 daAuts
Depths:1: 1763 daAuts
 Snake:3: 1747 daAuts
Shoals:4: 1702 daAuts
     D:4: 1692 daAuts
     D:3: 1589 daAuts
    D:15: 1576 daAuts
    D:12: 1547 daAuts
     D:9: 1470 daAuts
